 Dungeon Crawl Stone Soup version 0.25.0-46-gbd7b0854d2 (webtiles) character file.

Game seed: 17944848511700258904

121 Devinter the Bolt Thrower (level 5, -1/41 HPs)
             Began as a Formicid Hunter on July 16, 2020.
             Slain by a gnoll
             ... wielding a +0 spear
              (10 damage)
             ... on level 3 of the Dungeon.
             The game lasted 00:10:30 (1854 turns).

Devinter the Bolt Thrower (Formicid Hunter)         Turns: 1854, Time: 00:10:31

Health: -1/41      AC:  3    Str: 16    XL:     5   Next: 26%
Magic:  5/5        EV: 12    Int: 11    God:
Gold:   84         SH:  0    Dex: 12    Spells: 4/4 levels left

rFire    . . .     SeeInvis +   i - +0 spear
rCold    . . .     Gourm    .   (no shield)
rNeg     . . .     Faith    .   c - +0 leather armour
rPois    +         Spirit   .   (helmet unavailable)
rElec    .         Reflect  .   (no cloak)
rCorr    .         Harm     .   (no gloves)
MR       .....                  (no boots)
Stlth    ++........             (no amulet)
HPRegen  0.13/turn              t - ring of poison resistance
MPRegen  0.09/turn              (no ring)

@: no status effects
A: permanent stasis, dig shafts and tunnels, four strong arms, antennae 3
a: Dig, Shaft Self


You were on level 3 of the Dungeon.
You were hungry.

You visited 1 branch of the dungeon, and saw 3 of its levels.

You collected 84 gold pieces.

Inventory:

Hand Weapons
 a - a +1 hand crossbow
 b - a +0 short sword
 i - a +0 spear (weapon)
Missiles
 j - 10 poisoned darts (quivered)
 s - 16 arrows
Armour
 c - a +0 leather armour (worn)
 m - a +0 plate armour
Jewellery
 t - a ring of poison resistance (left hand)
Scrolls
 e - 2 scrolls of remove curse {unknown}
 g - a scroll of noise {unknown}
 k - a scroll of random uselessness {unknown}
 l - a scroll of magic mapping {unknown}
 o - 3 scrolls of identify {unknown}
 p - a scroll of amnesia {unknown}
 q - a scroll of enchant weapon {unknown}
Potions
 h - a potion of curing {unknown}
 n - a potion of invisibility {unknown}
 r - a potion of berserk rage {unknown}
Comestibles
 f - 5 rations


   Skills:
 + Level 3.3 Fighting
 * Level 5.2 Crossbows
 + Level 1.2 Armour
 - Level 2.0 Dodging
 - Level 2.0 Stealth


You had 4 spell levels left.
You didn't know any spells.
Your spell library was empty.

Dungeon Overview and Level Annotations

Branches:
Dungeon (3/15)

Altars:


Innate Abilities, Weirdness & Mutations

You cannot be hasted, slowed, berserked, paralysed or teleported.
You can dig through walls and to a lower floor.
Your four strong arms can wield two-handed weapons with a shield.
You have a pair of large antennae on your head. (SInv)


Message History

Press: ? - help, Shift-Dir - straight line, f/p - gnoll
Aim: a gnoll, wielding a +0 spear (lightly wounded, poisoned)
You throw a poisoned dart. The poisoned dart hits the gnoll.
The gnoll is lightly wounded.
The gnoll looks more healthy.
The gnoll hits you but does no damage.
Throwing (i - inventory)
j - 12 poisoned darts (quivered)
Press: ? - help, Shift-Dir - straight line, f/p - gnoll
Aim: a gnoll, wielding a +0 spear (moderately wounded)
You throw a poisoned dart. The poisoned dart hits the gnoll.
The gnoll is poisoned.
The gnoll is moderately wounded.
The gnoll closely misses you.
The gnoll looks more healthy.
Throwing (i - inventory)
j - 11 poisoned darts (quivered)
Press: ? - help, Shift-Dir - straight line, f/p - gnoll
Aim: a gnoll, wielding a +0 spear (heavily wounded)
You throw a poisoned dart. The poisoned dart hits the gnoll.
The gnoll is heavily wounded.
The gnoll hits you from afar with a +0 spear!
You die...

.# .# ##
#####################
#.รท.@.gg...w(....).((
#.###################
#.# #.# { #.# #.#
#############.#
..............#
###############


You could see a worm and 2 gnolls.

Vanquished Creatures
  A bullfrog skeleton (D:3)
  A gnoll (D:3)
  3 adders
  2 oozes (D:1)
  A dart slug (D:2)
  2 leopard geckos (D:1)
  6 orcs (D:3)
  6 bats
  3 goblins (D:1)
  3 hobgoblins (D:2)
  5 frilled lizards
  2 kobolds
  6 rats
41 creatures vanquished.

Notes
Turn   | Place    | Note
-------+----------+-------------------------------------------
     0 | D:1      | Devinter the Formicid Hunter began the quest for the Orb.
     0 | D:1      | Reached XP level 1. HP: 16/16 MP: 1/1
   133 | D:1      | Reached XP level 2. HP: 23/23 MP: 2/2
   215 | D:1      | Reached skill level 2 in Dodging
   465 | D:1      | Reached XP level 3. HP: 28/28 MP: 3/3
   469 | D:1      | Reached skill level 2 in Stealth
  1648 | D:3      | Reached skill level 3 in Fighting
  1648 | D:3      | Reached XP level 4. HP: 35/35 MP: 4/4
  1801 | D:3      | Reached skill level 5 in Crossbows
  1801 | D:3      | Reached skill level 1 in Armour
  1801 | D:3      | Reached XP level 5. HP: 36/41 MP: 5/5
  1854 | D:3      | Slain by a gnoll

Illustrated notes

Levels and vault maps discovered:
D:1:      psy_arrival_statuary, layout_basic
D:2:      layout_loops_ring, patterned_corridor
D:3:      layout_basic

Skill      XL: |  1  2  3  4 |
---------------+-------------+-----
Dodging        | 2 |  2.0
Stealth        | 2 |  2.0
Fighting       | 3 |  3.3
Crossbows      | 5 |  5.2
Armour         | 1 |  1.2

Action                   |  1- 3 |  4- 6 || total
-------------------------+-------+-------++-------
Melee: Spear             |       |    22 ||    22
 Fire: Hand crossbow     |    76 |    16 ||    92
Throw: Dart              |       |    10 ||    10
 Abil: Dig               |     1 |       ||     1
  Eat: Chunk             |     1 |     1 ||     2
Armor: Leather armour    |     9 |     3 ||    12
Dodge: Dodged            |    10 |    20 ||    30
